 Dungeon Crawl Stone Soup version 0.19.1-1-g22dce08 (webtiles) character file.

177578 dngmouse the Slayer (level 17, -1/176 HPs)
             Began as a Minotaur Fighter on Jan 16, 2017.
             Was the Champion of Okawaru.
             Killed from afar by a deep elf annihilator (75 damage)
             ... with a crystal spear
             ... while paralysed by an orc sorcerer
             ... on level 3 of the Elven Halls.
             The game lasted 02:21:14 (26309 turns).

dngmouse the Slayer (Minotaur Fighter)             Turns: 26309, Time: 02:21:15

Health: -1/176     AC: 33    Str: 25    XL:     17   Next: 54%
Magic:  22/26      EV:  2    Int:  5    God:    Okawaru [******]
Gold:   2441       SH:  0    Dex: 19    Spells: 0 memorised, 16 levels left

rFire  + . .     SeeInvis .     R - +5 battleaxe of Canaoc {vamp, rN++}
rCold  . . .     Gourm    .     e - +1 plate armour {rF+}
rNeg   + + .     Faith    .     (shield currently unavailable)
rPois  .         Spirit   .     F - +1 hat
rElec  .         Reflect  .     a - +0 cloak "Icuasmo" {Dex+3}
rCorr  +         Harm     .     u - +1 pair of gloves {Dex+3}
MR     +....                    s - +2 pair of boots {run}
Stlth  ..........               c - amulet of regeneration
                                h - ring of resist corrosion
                                B - +4 ring of protection

@: paralysed, heroism, finesse, quick
A: retaliatory headbutt, fangs 1, horns 2, large bone plates 1
a: Heroism, Finesse, Renounce Religion


You were on level 3 of the Elven Halls.
You worshipped Okawaru.
Okawaru was exalted by your worship.
You were not hungry.

You visited 6 branches of the dungeon, and saw 29 of its levels.
You visited the Abyss 1 time.
You also visited: Sewer.

You collected 2441 gold pieces.

Inventory:

Hand Weapons
 R - the +5 battleaxe of Canaoc (weapon) {vamp, rN++}
   (You found it on level 12 of the Dungeon)

   It inflicts no extra harm, but heals its wielder when it wounds a living foe.
   It greatly protects you from negative energy.
 V - a +3 executioner's axe of venom
Armour
 a - the +0 cloak "Icuasmo" (worn) {Dex+3}
   (You acquired it on level 12 of the Dungeon)

   It affects your dexterity (+3).
 e - a +1 plate armour of fire resistance (worn)
 s - a +2 pair of boots of running (worn)
 u - a +1 pair of gloves of dexterity (worn)
 F - a +1 hat (worn)
Jewellery
 c - an amulet of regeneration (around neck)
 h - a ring of resist corrosion (right hand)
 m - an uncursed ring of see invisible
 z - an uncursed ring of protection from fire
 B - a +4 ring of protection (left hand)
 J - a +3 ring of dexterity
 Y - an uncursed ring of ice
Wands
 o - a wand of confusion (19/48)
 r - a wand of acid (9/15)
 y - a wand of disintegration (16/24)
 C - a wand of enslavement (7/24)
 D - a wand of digging (5/24)
 H - a wand of lightning (6/15)
 K - a wand of disintegration (12/24)
 M - a wand of lightning (5/15)
 O - a wand of polymorph (9/24)
 P - a wand of random effects (7/48)
 T - a wand of iceblast (6/15)
Scrolls
 f - 2 scrolls of summoning
 g - 5 scrolls of blinking
 i - 4 scrolls of magic mapping
 k - 8 scrolls of remove curse
 l - 2 scrolls of recharging
 q - 11 scrolls of identify
 A - 5 scrolls of fog
 E - 5 scrolls of teleportation
 I - a scroll of fear
 S - a scroll of silence
Potions
 b - 4 potions of flight
 d - 7 potions of might
 n - a potion of haste
 p - 3 potions of agility
 t - a potion of invisibility {unknown}
 v - 14 potions of curing
 w - a potion of beneficial mutation {unknown}
 x - 5 potions of heal wounds
 G - 2 potions of berserk rage
Miscellaneous
 W - a phantom mirror
 Z - a box of beasts
Comestibles
 j - 24 beef jerkies
 L - 2 bread rations
 N - 11 fruits
 Q - 2 meat rations
 U - 3 slices of pizza


   Skills:
 * Level 21.7(26.7) Fighting
 * Level 18.2(23.2) Axes
 + Level 14.6(19.6) Armour
 + Level 8.6(13.6) Dodging
   Level 3.6(8.6) Shields
 + Level 13.6 Invocations
 - Level 2.0 Evocations


You had 16 spell levels left.
You didn't know any spells.

Dungeon Overview and Level Annotations

Branches:
Dungeon (15/15)            Temple (1/1) D:4            Lair (6/6) D:8
  Slime (2/5) Lair:6          Orc (2/2) D:11            Elf (3/3) Orc:2
 Vaults (0/5) D:13         Depths (0/5) D:15
  Swamp: Lair:2-4    Shoals: Lair:2-4     Snake: Lair:2-4    Spider: Lair:2-4

Altars:
Ashenzari
Cheibriados
Dithmenos
Elyvilon
Fedhas
Gozag
Hepliaklqana
Kikubaaqudgha
Makhleb
Nemelex Xobeh
Okawaru
Qazlal
Ru
Sif Muna
Trog
Uskayaw
Vehumet
Xom
Yredelemnul
Zin
The Shining One
Beogh

Shops:
D:4 :   D:9 %   D:11 (   Orc:1 *   Orc:2 ([:?

Annotations:
Elf:3 Donald


Innate Abilities, Weirdness & Mutations

You reflexively headbutt those who attack you in melee.
You have a pair of horns on your head.
You have very sharp teeth.
You are partially covered in large bone plates. (SH +4)


Message History

You struggle to resist.
You hear a shout!
A deep elf sorcerer comes into view.
It is wielding a long sword of holy wrath.
Donald says, "What lunatic would build a room out of doors?"
Donald hits you but does no damage.
The deep elf sorcerer moves out of view.
The hellwing hits you.
The hellwing hits you but does no damage.
The deep elf annihilator mumbles some strange words.
The deep elf annihilator blinks!
The deep elf demonologist gestures wildly while chanting.
The orc sorcerer hits you but does no damage.
A deep elf high priest comes into view. It is wielding a short sword.
The deep elf high priest mumbles some strange prayers to its god.
The deep elf high priest begins emitting a brilliant aura!
The soul eater disappears in a puff of smoke!
Donald hits you with a double sword of holy wrath!!
The deep elf annihilator gestures at you while chanting.
The crystal spear hits you!
You die...

###...#
#.#...###
###..e.e..##
##?....4....###
##.....§.......#
......ee..e3....
...e.E@4e§e.....
e..eeee@o).4....
....e###(###...
... ##...(.## .
###.......###
#...........#
#...........#
#...........#
#.(.........#
#...........#


You could see Donald, a deep elf master archer, 2 deep elf annihilators, a deep
elf sorcerer, a deep elf elementalist, a soul eater, a deep elf demonologist, a
deep elf archer, 4 deep elf high priests, an earth elemental, a hellwing, an ice
devil, 3 deep elf magi, a chaos spawn and an orc sorcerer.

Vanquished Creatures
  A bone dragon (Abyss:2)
  A deep elf blademaster (Elf:2)
  An Executioner (Abyss:2)
  Frances (D:14)
  Agnes (Elf:2)
  3 azure jellies
  A deep elf sorcerer (Elf:3)
  The ghost of dngmouse the Warrior, a journeyman HOFi of Makhleb (Orc:2)
  Nessos (Lair:5)
  A deep elf annihilator (Elf:1)
  Snorg (Orc:2)
  An ettin (D:15)
  A great orb of eyes (Slime:1)
  9 hydras
  4 centaur warriors
  3 death yaks (Lair:6)
  An ogre mage (D:15)
  23 dancing weapons
  A tengu warrior (D:15)
  3 thrashing horrors (Abyss:2)
  A shock serpent (shapeshifter) (D:15)
  Urug (Lair:5)
  The ghost of Vajrapani the Cruncher, a novice TeGl of Okawaru (D:10)
  A soul eater (Abyss:2)
  An orc high priest (Orc:1)
  Sonja (D:10)
  4 skeletal warriors (D:15)
  22 deep elf knights
  6 unseen horrors
  A deep troll (D:15)
  A glowing orange brain (D:15)
  2 large abominations (Abyss:2)
  9 hill giants
  8 deep elf archers
  45 deep elf magi
  4 orc knights (Orc:2)
  2 wolf spider zombies (D:15)
  A necromancer (D:13)
  10 ugly things
  9 cyclopes
  3 manticores
  A worldbinder (Abyss:2)
  A manticore (shapeshifter) (Elf:2)
  11 elephants
  10 spiny frogs
  A torpor snail (Lair:4)
  5 black mambas
  An orange demon (Abyss:2)
  2 gargoyles
  The ghost of Apogee the Magician, a novice DsNe (Sewer)
  3 rime drakes (Lair:6)
  4 komodo dragons
  4 kobold demonologists
  2 freezing wraiths
  A queen bee (D:9)
  2 yaktaurs (D:15)
  An ancient zyme (Abyss:2)
  A tengu conjurer (D:15)
  10 polar bears
  11 trolls
  4 raiju
  A hornet (D:14)
  5 two-headed ogres
  A fire giant simulacrum (Abyss:2)
  22 slime creatures
  2 dream sheep (Lair:6)
  19 blink frogs
  15 hippogriffs
  The ghost of nikopol the Skirmisher, an amateur GrBe of Trog (D:4)
  A meliai zombie (D:11)
  3 air elementals
  A ynoxinul (Abyss:2)
  A shadow (D:11)
  2 wraiths (D:12)
  3 vampires
  2 spriggans (Lair:5)
  3 fire elementals
  A human (shapeshifter) (Abyss:2)
  61 yaks
  4 wyverns
  A basilisk (Lair:6)
  6 hungry ghosts
  4 water elementals
  2 small abominations (Abyss:2)
  13 wargs
  5 hell hounds (Lair:6)
  2 soldier ants
  15 water moccasins
  Duvessa (D:5)
  7 porcupines
  A swamp drake (Orc:2)
  An eye of draining (D:11)
  42 orc warriors
  5 ice beasts
  An eye of draining (shapeshifter) (D:14)
  3 phantoms
  5 sky beasts
  13 ogres
  16 black bears
  22 centaurs
  37 wolves
  7 crocodiles
  5 big kobolds
  19 bullfrogs
  Dowan (D:5)
  2 scorpions
  6 wights
  16 killer bees
  9 howler monkeys
  13 crimson imps
  5 centaur zombies
  2 quasits (D:9)
  2 bullfrog zombies
  12 orc priests
  10 jellies
  5 centaur skeletons
  24 hounds
  5 iguanas
  An iron imp (Orc:2)
  Ijyb (D:2)
  Natasha (twice) (D:3)
  17 orc wizards
  10 worker ants
  A hound zombie (D:6)
  A hound skeleton (D:7)
  2 gnolls (D:7)
  A howler monkey skeleton (D:11)
  10 adders
  A river rat (D:3)
  6 shadow imps
  A white imp (Orc:2)
  5 oozes
  2 adder skeletons
  3 worms
  2 dart slugs
  6 leopard geckos
  89 orcs
  4 ball pythons
  8 giant cockroaches
  11 goblins
  9 hobgoblins
  17 jackals
  30 kobolds
  5 quokkas
  7 bats
  5 frilled lizards
  A quokka skeleton (D:4)
  A quokka zombie (D:7)
  10 rats
  A fungus (Lair:2)
1031 creatures vanquished.

Vanquished Creatures (collateral kills)
  A mottled dragon (D:13)
1 creature vanquished.

Vanquished Creatures (others)
  A spiny frog (Lair:6)
  3 yaks (Lair:6)
  An earth elemental (Elf:1)
  A hound (Lair:6)
  2 fungi (Lair:4)
  A lurking horror (Abyss:2)
  11 plants
20 creatures vanquished.

Grand Total: 1052 creatures vanquished

Notes
Turn   | Place    | Note
-------+----------+-------------------------------------------
     0 | D:1      | dngmouse the Minotaur Fighter began the quest for the Orb.
     0 | D:1      | Reached XP level 1. HP: 19/19 MP: 0/0
    96 | D:1      | Reached XP level 2. HP: 22/27 MP: 1/1
   145 | D:1      | Reached skill level 4 in Fighting
   228 | D:1      | Reached XP level 3. HP: 23/33 MP: 2/2
   537 | D:2      | Found an opulent altar of Gozag.
   588 | D:2      | Noticed Ijyb
   602 | D:2      | Reached XP level 4. HP: 37/40 MP: 3/3
   604 | D:2      | Reached skill level 5 in Axes
   606 | D:2      | Killed Ijyb
  1182 | D:3      | Reached XP level 5. HP: 46/46 MP: 4/4
  1590 | D:3      | Found a glowing silver altar of Zin.
  1590 | D:3      | Found an opulent altar of Gozag.
  1652 | D:3      | Noticed Natasha
  1662 | D:3      | Killed Natasha
  1715 | D:3      | Noticed Natasha
  1716 | D:3      | Found a glowing drain.
  1722 | D:3      | Killed Natasha
  1733 | Sewer    | Entered a sewer
  2029 | Sewer    | Reached XP level 6. HP: 42/52 MP: 5/5
  2060 | Sewer    | Noticed Apogee's ghost (novice DsNe)
  2074 | Sewer    | Killed Apogee's ghost
  2074 | Sewer    | Reached XP level 7. HP: 34/59 MP: 6/6
  2332 | D:4      | Found a staircase to the Ecumenical Temple.
  2339 | D:4      | Noticed nikopol's ghost (amateur GrBe)
  2342 | Temple   | Entered the Ecumenical Temple
  2677 | Temple   | Became a worshipper of Warmaster Okawaru
  2731 | D:4      | Killed nikopol's ghost
  2731 | D:4      | Reached skill level 10 in Axes
  3160 | D:4      | Reached * piety under Okawaru
  3160 | D:4      | Reached XP level 8. HP: 37/66 MP: 7/7
  3370 | D:4      | Found Gyaturemn's Book Shop.
  3443 | D:5      | Entered Level 5 of the Dungeon
  3714 | D:5      | Noticed Duvessa
  3714 | D:5      | Noticed Dowan
  3716 | D:5      | Got a dazzling spear
  3725 | D:5      | Killed Duvessa
  3730 | D:5      | Killed Dowan
  4219 | D:6      | Reached skill level 1 in Invocations
  4238 | D:6      | Reached skill level 5 in Fighting
  4263 | D:6      | Identified the cursed +3 spear of the Unkillable {pierce, *Slow +Inv rElec rPois} (You found it on level 5 of the Dungeon)
  4741 | D:6      | Reached skill level 6 in Fighting
  4762 | D:6      | Found a bloodstained altar of Trog.
  4762 | D:6      | Found a white marble altar of Elyvilon.
  5300 | D:7      | Reached skill level 7 in Fighting
  5300 | D:7      | Reached XP level 9. HP: 79/79 MP: 10/10
  5337 | D:7      | Reached ** piety under Okawaru
  5435 | D:7      | Reached skill level 8 in Fighting
  5898 | D:8      | Reached skill level 9 in Fighting
  5952 | D:8      | Reached skill level 5 in Invocations
  5971 | D:8      | Gained mutation: Your magical capacity is low. (-10% MP) [potion of mutation]
  5971 | D:8      | Gained mutation: Your body sometimes deteriorates upon taking damage. [potion of mutation]
  5971 | D:8      | Gained mutation: You have very sharp teeth. [potion of mutation]
  5984 | D:8      | Gained mutation: You have sharp toenails. [potion of mutation]
  5984 | D:8      | Gained mutation: You expend magic power (3 MP) to strengthen your wands. [potion of mutation]
  5984 | D:8      | Gained mutation: You are partially covered in large bone plates. (SH +4) [potion of mutation]
  5985 | D:8      | Lost mutation: Your magical capacity is low. (-10% MP) [potion of cure mutation]
  5985 | D:8      | Lost mutation: You expend magic power (3 MP) to strengthen your wands. [potion of cure mutation]
  5985 | D:8      | Lost mutation: You have sharp toenails. [potion of cure mutation]
  5985 | D:8      | Lost mutation: Your body sometimes deteriorates upon taking damage. [potion of cure mutation]
  6337 | D:8      | Reached skill level 10 in Fighting
  6339 | D:8      | Reached *** piety under Okawaru
  6369 | D:8      | Found an iron altar of Okawaru.
  6480 | D:8      | Found a hazy altar of Hepliaklqana.
  6480 | D:8      | Found a stormy altar of Qazlal.
  6481 | D:8      | Found a blossoming altar of Fedhas.
  6481 | D:8      | Found a deep blue altar of Sif Muna.
  6813 | D:8      | Noticed a gargoyle
  6826 | D:8      | Killed a gargoyle
  6826 | D:8      | Reached XP level 10. HP: 55/94 MP: 11/13
  7031 | D:8      | Found a staircase to the Lair.
  7165 | D:8      | Reached skill level 11 in Fighting
  7653 | D:9      | Found Musemp's Food Boutique.
  7683 | D:9      | Found a burning altar of Makhleb.
  7698 | D:9      | Reached **** piety under Okawaru
  7966 | D:9      | Reached skill level 12 in Fighting
  8182 | D:9      | Got a scintillating iron amulet
  8183 | D:9      | Identified the amulet of Ywuluoch {Harm *Drain rPois rN+ Dex-4} (You found it on level 9 of the Dungeon)
  8430 | D:10     | Entered Level 10 of the Dungeon
  8452 | D:10     | Found a basalt altar of Yredelemnul.
  8653 | D:10     | Noticed Vajrapani's ghost (novice TeGl)
  8672 | D:10     | Killed Vajrapani's ghost
  8688 | D:10     | Reached ***** piety under Okawaru
  8691 | D:10     | Reached skill level 5 in Armour
  8693 | D:10     | Reached skill level 13 in Fighting
  9150 | D:10     | Noticed Sonja
  9203 | D:10     | Reached XP level 11. HP: 107/107 MP: 15/15
  9323 | D:10     | Killed Sonja
  9404 | D:11     | Found Mel Load's Weapon Shoppe.
  9801 | D:11     | Noticed a hill giant
  9829 | D:11     | Received a gift from Okawaru
  9874 | D:11     | Killed a hill giant
  9901 | D:11     | Noticed a hill giant
  9921 | D:11     | Killed a hill giant
  9921 | D:11     | Received a gift from Okawaru
  9924 | D:11     | Reached skill level 14 in Fighting
  9931 | D:11     | Got a blackened cloak {god gift}
  9937 | D:11     | Identified the -3 cloak of Esitobeja {*Slow rPois rN+} (Okawaru gifted it to you on level 11 of the Dungeon)
 10290 | D:11     | Found a stormy altar of Qazlal.
 10345 | D:11     | Noticed a hill giant
 10353 | D:11     | Killed a hill giant
 10394 | D:11     | Noticed a white ugly thing
 10742 | D:11     | Noticed a hill giant
 10751 | D:11     | Killed a hill giant
 10760 | D:11     | Killed a white ugly thing
 11026 | D:11     | Reached skill level 15 in Fighting
 11100 | D:11     | Reached XP level 12. HP: 58/121 MP: 17/17
 11674 | D:11     | Reached skill level 1 in Evocations
 11744 | D:11     | Found a staircase to the Orcish Mines.
 12176 | D:12     | Reached skill level 16 in Fighting
 12244 | D:12     | Noticed an eight-headed hydra
 12247 | D:12     | Identified the +5 battleaxe of Canaoc {vamp, rN++} (You found it on level 12 of the Dungeon)
 12256 | D:12     | Killed a ten-headed hydra
 12256 | D:12     | Received a gift from Okawaru
 12439 | D:12     | Identified a scroll of acquirement
 12440 | D:12     | Got a dazzling cloak
 12458 | D:12     | Identified the +0 cloak "Icuasmo" {Dex+3} (You acquired it on level 12 of the Dungeon)
 12954 | D:13     | Noticed a centaur warrior
 12961 | D:13     | Reached skill level 10 in Invocations
 12965 | D:13     | Killed a centaur warrior
 12982 | D:13     | Found a gate to the Vaults.
 13204 | D:13     | Reached skill level 17 in Fighting
 13295 | D:13     | Received a gift from Okawaru
 13295 | D:13     | Reached XP level 13. HP: 83/132 MP: 19/19
 13302 | D:13     | Identified a +0 pair of boots of running (Okawaru gifted it to you on level 13 of the Dungeon)
 13727 | Orc:1    | Entered Level 1 of the Orcish Mines
 13766 | Orc:1    | Reached skill level 10 in Armour
 14054 | Orc:1    | Found Obawkueho's Assorted Antiques.
 14079 | Orc:1    | Found a roughly hewn altar of Beogh.
 14163 | Orc:2    | Entered Level 2 of the Orcish Mines
 14200 | Orc:2    | Noticed Snorg
 14217 | Orc:2    | Killed Snorg
 14366 | Orc:2    | Found a staircase to the Elven Halls.
 14632 | Orc:2    | Found Coiqoqar's Armour Boutique.
 14632 | Orc:2    | Found Rexyhan's Book Emporium.
 14634 | Orc:2    | Found Razem's Magic Scroll Shoppe.
 14636 | Orc:2    | Found Bum Beys's Antique Weapon Shop.
 15012 | Orc:2    | Reached skill level 18 in Fighting
 15340 | Lair:1   | Entered Level 1 of the Lair of Beasts
 15497 | Lair:1   | Received a gift from Okawaru
 16109 | Lair:2   | You fall through a shaft for 2 floors!
 16223 | Lair:4   | Reached XP level 14. HP: 125/144 MP: 13/21
 17309 | Lair:4   | Found a runed door.
 17867 | Lair:5   | Noticed Nessos
 17881 | Lair:5   | Killed Nessos
 17881 | Lair:5   | Received a gift from Okawaru
 17994 | Lair:5   | Reached skill level 19 in Fighting
 18201 | Lair:5   | Noticed Urug
 18215 | Lair:5   | Killed Urug
 18510 | Lair:6   | Entered Level 6 of the Lair of Beasts
 18741 | Lair:6   | Found a staircase to the Slime Pits.
 18980 | Lair:2   | Reached skill level 1 in Dodging
 19487 | Lair:6   | Reached ****** piety under Okawaru
 19493 | Lair:6   | Got a warped shield
 19494 | Lair:6   | Identified the +5 shield "Wyriur" {rPois rF+ Int-2 Dex+10} (You found it on level 6 of the Lair of Beasts)
 19639 | Lair:6   | Reached XP level 15. HP: 150/152 MP: 22/22
 19737 | Lair:6   | Reached skill level 15 in Axes
 19866 | Lair:6   | Received a gift from Okawaru
 20066 | Slime:1  | Entered Level 1 of the Pits of Slime
 20079 | Slime:1  | Noticed an azure jelly
 20080 | Slime:1  | Noticed an azure jelly
 20092 | Lair:6   | Killed an azure jelly
 20154 | Slime:1  | Killed an azure jelly
 20208 | Slime:1  | Noticed an azure jelly
 20213 | Slime:1  | Killed an azure jelly
 20528 | Slime:2  | Reached skill level 20 in Fighting
 20844 | D:14     | Noticed Frances
 20854 | D:14     | Killed Frances
 21040 | D:14     | Reached skill level 5 in Dodging
 21843 | D:15     | Entered Level 15 of the Dungeon
 21853 | D:15     | Received a gift from Okawaru
 21873 | D:15     | Found a staircase to the Depths.
 22305 | D:15     | Reached XP level 16. HP: 165/165 MP: 24/24
 22533 | D:15     | Received a gift from Okawaru
 23073 | Orc:2    | Noticed dngmouse's ghost (journeyman HOFi)
 23086 | Orc:2    | Killed dngmouse's ghost
 23113 | Elf:1    | Entered Level 1 of the Elven Halls
 23405 | Elf:1    | Received a gift from Okawaru
 24326 | Elf:2    | Reached skill level 21 in Fighting
 24342 | Elf:2    | Found a runed gate.
 24342 | Elf:2    | Found a runed gate.
 24342 | Elf:2    | Found a runed gate.
 24461 | Elf:2    | Received a gift from Okawaru
 24633 | Elf:2    | Noticed Agnes
 24642 | Elf:2    | Killed Agnes
 24700 | Elf:2    | Noticed a deep elf blademaster
 24714 | Elf:2    | Killed a deep elf blademaster
 24714 | Elf:2    | Reached XP level 17. HP: 47/173 MP: 11/26
 25516 | Elf:3    | Entered Level 3 of the Elven Halls
 25546 | Elf:3    | Received a gift from Okawaru
 25555 | Elf:3    | Got a pair of ichor-stained boots {god gift}
 25566 | Elf:3    | Identified the +0 pair of boots of Tierer {MR- rCorr Stlth+} (Okawaru gifted it to you on level 3 of the Elven Halls)
 25895 | Elf:3    | Cast into level 2 of the Abyss (a deep elf demonologist)
 26276 | Abyss:2  | Noticed a bone dragon
 26297 | Abyss:2  | Killed a bone dragon
 26301 | Elf:3    | Escaped the Abyss
 26301 | Elf:3    | Noticed Donald
 26302 | Elf:3    | Noticed a deep elf master archer
 26306 | Elf:3    | Paralysed by an orc sorcerer for 4 turns
 26309 | Elf:3    | Killed from afar by a deep elf annihilator

Skill      XL: |  1  2  3  4  5  6  7  8  9 10 11 12 13 14 15 16 17 |
---------------+----------------------------------------------------+-----
Axes           | 3 4 6 7 9 11 12 13 14 16 17 18 | 18.2
Fighting       | 4 7 10 13 15 17 18 19 20 21 | 21.7
Invocations    | 3 5 7 9 10 11 12 13 | 13.6
Armour         | 5 7 9 11 12 13 14 | 14.6
Evocations     | 2 |  2.0
Dodging        | 2 5 7 8 |  8.6
Shields        | |  3.6

Action                   |  1- 3 |  4- 6 |  7- 9 | 10-12 | 13-15 | 16-18 || total
-------------------------+-------+-------+-------+-------+-------+-------++-------
Melee: War axe           |    97 |   150 |   340 |   396 |       |       ||   983
       Headbutt          |    13 |    21 |    71 |   169 |   311 |   145 ||   730
       Bite              |       |       |     6 |    74 |   179 |    88 ||   347
       Battleaxe         |       |       |       |   214 |  1098 |   509 ||  1821
Throw: Tomahawk          |       |       |     6 |    10 |       |       ||    16
       Javelin           |       |       |     4 |     4 |       |       ||     8
       Throwing net      |       |       |     1 |     5 |       |       ||     6
Invok: Heroism           |       |       |     4 |    12 |    13 |     7 ||    36
       Finesse           |       |       |       |     7 |     5 |     6 ||    18
Evoke: Wand              |       |       |       |       |       |     1 ||     1
  Use: Potion            |       |     2 |     8 |     4 |     1 |     9 ||    24
       Scroll            |       |       |     3 |    19 |     8 |     3 ||    33
 Stab: Held in net/web   |       |       |       |     1 |       |       ||     1
       Distracted        |       |       |       |       |     1 |       ||     1
  Eat: Chunk             |       |     4 |    20 |    27 |    28 |    11 ||    90
       Pizza             |       |       |       |     2 |       |       ||     2
       Fruit             |       |       |       |     1 |     1 |     1 ||     3
Armor: Scale mail        |    63 |    63 |    29 |       |       |       ||   155
       Chain mail        |       |       |    39 |       |       |       ||    39
       Plate armour      |       |       |    53 |   264 |  1005 |   320 ||  1642
Dodge: Dodged            |    42 |    47 |    52 |   138 |   537 |   207 ||  1023
Block: Shield            |    62 |    84 |   130 |   262 |       |       ||   538
       Other             |       |       |       |    41 |   244 |    60 ||   345
